 Dungeon Crawl Stone Soup version 0.20.1-1-g8b1a95d66d (webtiles) character file.

114 olverbman the Sneak (level 4, -9/23 HPs)
             Began as a Spriggan Assassin on June 13, 2018.
             Mangled by a two-headed ogre
             ... wielding a cursed +0 giant club
              (16 damage)
             ... on level 4 of the Dungeon.
             The game lasted 00:29:38 (3374 turns).

olverbman the Sneak (Spriggan Assassin)             Turns: 3374, Time: 00:29:38

Health: -9/23      AC:  4    Str:  7    XL:     4   Next: 67%
Magic:  5/5        EV: 18    Int: 12    God:
Gold:   80         SH:  0    Dex: 18    Spells: 3/3 levels left

rFire    . . .     SeeInvis +   w - -1 spear (curse)
rCold    . . .     Gourm    .   (shield restricted)
rNeg     . . .     Faith    .   c - +1 robe
rPois    +         Spirit   .   (helmet restricted)
rElec    .         Reflect  .   d - +0 cloak
rCorr    .         Harm     +   (gloves unavailable)
MR       .....                  (boots unavailable)
Stlth    ++++......             z - amulet of harm
Regen    0.1/turn               F - ring of poison resistance
MPRegen  0.1/turn               (no ring)

@: very quick
A: unfitting armour, see invisible, herbivore 3, speed 3, slow metabolism 2
a: no special abilities


You were on level 4 of the Dungeon.
You were full.

You visited 1 branch of the dungeon, and saw 4 of its levels.

You collected 80 gold pieces.

Inventory:

Hand Weapons
 a - a +2 dagger
 b - a +0 blowgun
 k - a +0 hunting sling
 m - a +0 dagger
 n - a cursed -2 whip
 q - a +0 short sword
 v - a +2 rapier of venom
 w - a cursed -1 spear (weapon)
 y - a +0 hunting sling
Missiles
 e - 8 poisoned needles
 f - 2 curare-tipped needles
 h - 80 stones
 j - 49 arrows (quivered)
 s - 38 bolts
 A - 16 sling bullets
Armour
 c - a +1 robe (worn)
 d - a +0 cloak (worn)
 g - a +0 chain mail
 l - a +0 pair of boots
 r - a +0 robe
Jewellery
 z - an amulet of harm (around neck)
 F - a ring of poison resistance (left hand)
Scrolls
 i - a scroll of identify
 C - a scroll of teleportation
Potions
 o - a potion of ambrosia
 t - 2 potions of berserk rage
 u - a potion of cancellation
 x - a potion of magic {unknown}
 E - a potion of heal wounds
Comestibles
 p - 3 fruits
 B - a royal jelly
 D - 3 bread rations


   Skills:
 + Level 2.3 Fighting
 * Level 2.1 Short Blades
 - Level 0.2 Polearms
 + Level 2.9(3.6) Slings
 - Level 2.5(3.0) Throwing
 * Level 2.7 Dodging
 + Level 6.4 Stealth


You had 3 spell levels left.
You didn't know any spells.

Dungeon Overview and Level Annotations

Branches:
Dungeon (4/15)
 Temple: D:4-7

Altars:


Innate Abilities, Weirdness & Mutations

You are very small and have problems with some larger weapons.
You are too small for most types of armour.
You have supernaturally acute eyesight. (SInv)
You are a herbivore.
You cover ground extremely quickly.
You need consume almost no food.


Message History

A two-headed ogre comes into view. It is wielding two giant clubs.
The two-headed ogre shouts in stereo!
You hit the jackal.
The jackal is moderately wounded.
The jackal bites you.
You barely miss the jackal.
The jackal is moderately wounded.
The jackal closely misses you. The jackal barely misses you.
You hit the jackal.
The jackal is almost dead.
The jackal misses you.
You closely miss the jackal.
The jackal is almost dead.
The jackal bites you.
You hit the two-headed ogre but do no damage.
You barely miss the two-headed ogre.
The two-headed ogre hits you with a giant club.
The two-headed ogre hits you with a giant club!
Ouch! That really hurt!
You die...

######### ##
#........## .. #.#
#.....########.#
#.###.........@Oh..#
#.##......######h.....#
#.##.#...## ##..##.#
#.......## #.#
#.......# .(. #..(...##
##.. #.##.#.# (..
#.#....## #( #.......#


You could see a two-headed ogre and 2 jackals.

Vanquished Creatures
  A crimson imp (D:4)
  Robin (D:2)
  An adder (D:2)
  2 dart slugs
  2 bats
  3 giant cockroaches
  15 goblins
  9 hobgoblins
  3 frilled lizards
  9 kobolds
  6 rats
52 creatures vanquished.

Notes
Turn   | Place    | Note
-------+----------+-------------------------------------------
     0 | D:1      | olverbman the Spriggan Assassin began the quest for the Orb.
     0 | D:1      | Reached XP level 1. HP: 10/10 MP: 2/2
    85 | D:1      | Reached skill level 6 in Stealth
   654 | D:1      | Reached XP level 2. HP: 14/15 MP: 3/3
   815 | D:1      | Reached skill level 1 in Slings
  1113 | D:1      | You fall through a shaft!
  1210 | D:2      | Noticed Robin
  1270 | D:2      | Reached XP level 3. HP: 18/18 MP: 4/4
  1344 | D:2      | Killed Robin
  2117 | D:2      | Reached XP level 4. HP: 23/23 MP: 5/5
  3369 | D:4      | Noticed a two-headed ogre
  3374 | D:4      | Mangled by a two-headed ogre

Skill      XL: |  1  2 |
---------------+-------+-----
Stealth        | 6 |  6.4
Slings         | 2 |  2.9
Fighting       | 2 |  2.3
Dodging        | 2 |  2.7
Short Blades   | |  2.1
Polearms       | |  0.2
Throwing       | |  2.5

Action                   |  1- 3 |  4- 6 || total
-------------------------+-------+-------++-------
Melee: Hunting sling     |    48 |     1 ||    49
       Dagger            |     1 |       ||     1
       Spear             |       |    56 ||    56
 Fire: Hunting sling     |   144 |    26 ||   170
  Use: Scroll            |     7 |     4 ||    11
       Potion            |     1 |     1 ||     2
 Stab: Sleeping          |     2 |     2 ||     4
       Distracted        |       |     1 ||     1
  Eat: Bread ration      |     1 |       ||     1
Armor: Robe              |    18 |     9 ||    27
Dodge: Dodged            |   145 |    79 ||   224
